 Dungeon Crawl Stone Soup version 0.31-a0-236-g9a0961fb85 (webtiles) character file.

Game seed: 2202029874367062838

1352 BubbleThief the Insei (level 8, -1/57 HPs)
             Began as an Octopode Transmuter on July 11, 2023.
             Was an Initiate of Wu Jian.
             Slain by a centaur (2 damage)
             ... on level 5 of the Dungeon.
             The game lasted 00:07:16 (4482 turns).

BubbleThief the Insei (Octopode Transmuter)         Turns: 4482, Time: 00:07:16

Health: -1/57      AC:  1    Str: 11    XL:     8   Next: 63%
Magic:  11/11      EV: 13    Int: 15    God:    Wu Jian [......]
Gold:   940        SH:  5    Dex: 13    Spells: 4/11 levels left

rFire   . .          .
                       - Unarmed
rCold   . . .        (no shield)
rNeg    . . .        (helmet restricted)
rPois   .            l - amulet of reflection
rElec   .            d - ring of wizardry
rCorr   .            b - ring of see invisible
SInv    +            (no ring)
Will    .....        (no ring)
Stlth   ++           (no ring)
HPRegen 0.29/turn    (no ring)
MPRegen 0.12/turn    (no ring)
                     (no ring)

%: reflection, wizardry (x1)
@: no status effects
A: almost no armour, amphibious, 8 rings, camouflage 1, gelatinous body 1,
(nimble swimmer 1), tentacles
a: Renounce Religion


You were on level 5 of the Dungeon.
You worshipped Wu Jian.
Wu Jian was noncommittal.
You visited 2 branches of the dungeon, and saw 6 of its levels.

You collected 940 gold pieces.

Inventory:

Jewellery
 b - a ring of see invisible (right tentacle)
 d - a ring of wizardry (left tentacle)
 h - an amulet of magic regeneration
 l - an amulet of reflection (around mantle)
Wands
 j - a wand of charming (10)
 q - a wand of light (4)
 s - a wand of flame (13)
Scrolls
 i - 2 scrolls of revelation {unknown}
 k - 2 scrolls of teleportation
 r - 2 scrolls of fear {unknown}
Potions
 a - a potion of lignification
 c - a potion of degeneration {unknown}
 e - a potion of mutation {unknown}
 f - 2 potions of attraction {unknown}
 g - a potion of haste
 m - a potion of invisibility {unknown}
 n - a potion of might {unknown}
 o - 3 potions of curing
 p - a potion of heal wounds {unknown}


   Skills:
 + Level 6.0 Fighting
 - Level 2.0 Dodging
 + Level 6.5 Unarmed Combat
 - Level 2.0 Spellcasting
 + Level 6.1 Transmutations


You had 4 spell levels left.
You knew the following spells:

 Your Spells              Type           Power      Damage    Failure   Level
a - Beastly Appendage     Tmut           40%        N/A       1%          1
b - Wereblood             Tmut           20%        N/A       1%          2
c - Ice Form              Ice/Tmut       10%        N/A       24%         4

Your spell library contained the following spells:

 Spells                   Type           Power      Damage    Failure   Level
 Spider Form              Tmut/Pois      10%        N/A       8%          3
 Magic Dart               Conj           4%         1d3       9%          1
 Searing Ray              Conj           2%         2d4       13%         2
 Fulminant Prism          Conj/Hex       0%         3d5       61%         4


Dungeon Overview and Level Annotations

Branches:
Dungeon (5/15)             Temple (1/1) D:4

Altars:
Ashenzari
Fedhas
Hepliaklqana
Qazlal
Uskayaw
Wu Jian

Annotations:
D:5 2 runed translucent doors


Innate Abilities, Weirdness & Mutations

You cannot wear most types of armour.
You are amphibious.
You can wear up to eight rings at the same time.
Your skin changes colour to match your surroundings (Stealth+).
Your rubbery body absorbs attacks. (AC +1, EV +1)
((You are camouflaged when in or above water. (Stealth+)))
You have tentacles for arms and can constrict up to eight enemies at once.


Message History

No target in view!
Okay, then.
Found an escape hatch in the ceiling.
There is an escape hatch in the ceiling here.
You now have 940 gold pieces (gained 7).
A centaur comes into view.
The centaur shouts!
The centaur wields a +2 shortbow of freezing.
It is covered in frost.
The centaur shoots an arrow.
The arrow hits you! The arrow freezes you.
The centaur shoots an arrow.
The arrow hits you! The arrow freezes you.
The centaur shoots an arrow.
The arrow hits you! The arrow freezes you.
The centaur shoots an arrow.
You block the arrow with an invisible shield... and reflect it back!
The arrow barely misses the centaur.
The centaur shoots an arrow.
The arrow hits you!
* * * LOW HITPOINT WARNING * * *
The arrow freezes you.
* * * LOW HITPOINT WARNING * * *
You lunge at the centaur.
You barely miss the centaur.
The centaur unwields a +2 shortbow of freezing.
The centaur misses you. The centaur kicks you.
* * * LOW HITPOINT WARNING * * *
Unknown command.
Unknown command.
You feel better. The centaur hits you!
* * * LOW HITPOINT WARNING * * *
You block the centaur's attack.
You tentacle-slap the centaur.
The centaur is moderately wounded.
You block the centaur's attack. The centaur barely misses you.
The centaur hits you.
* * * LOW HITPOINT WARNING * * *
The centaur kicks you.
* * * LOW HITPOINT WARNING * * *
You barely miss the centaur.
The centaur is moderately wounded.
The centaur hits you but does no damage.
The centaur kicks you.
You die...

###############
##.##..........###
##...#.#######.....
# #c@....# #..### #
##......# #..# # #
##......# #.## # #
........# #.#### #
.# ###......#
#..... ## .#
#+#...## #.#### .#
.# .#### #.#
.#######.## .
######.####
.#........#
#.........#


You could see a centaur.

Vanquished Creatures
  5 yaks (D:5)
  Edmund (D:4)
  An ogre (D:4)
  A phantom (D:5)
  A jelly (D:5)
  A hound (D:5)
  2 orc priests
  Jessica (D:3)
  Ijyb (D:4)
  An iguana (D:5)
  A sleepcap (D:5)
  6 adders
  A shadow imp (D:5)
  A white imp (D:5)
  A worm (D:2)
  A dart slug (D:3)
  6 orcs
  5 ball pythons
  5 bats
  An endoplasm (D:2)
  4 giant cockroaches
  11 goblins
  5 hobgoblins
  7 jackals
  6 kobolds
  4 quokkas
  2 frilled lizards (D:2)
  3 rats
85 creatures vanquished.

Notes
Turn   | Place    | Note
-------+----------+-------------------------------------------
     0 | D:1      | BubbleThief the Octopode Transmuter began the quest for the
                  | Orb.
     0 | D:1      | Reached XP level 1. HP: 13/13 MP: 3/3
   526 | D:1      | Reached XP level 2. HP: 18/18 MP: 5/5
  1135 | D:2      | Reached XP level 3. HP: 21/24 MP: 4/6
  1146 | D:2      | Learned a level 2 spell: Wereblood
  1971 | D:3      | Found a hide-covered altar of Uskayaw.
  2036 | D:3      | Reached XP level 4. HP: 12/29 MP: 5/7
  2165 | D:3      | Noticed Jessica
  2172 | D:3      | Killed Jessica
  2184 | D:3      | Learned a level 4 spell: Ice Form
  2220 | D:3      | Found a broken altar of Ashenzari.
  2244 | D:3      | Reached XP level 5. HP: 27/36 MP: 8/8
  2281 | D:3      | Found a blossoming altar of Fedhas.
  2679 | D:3      | Identified a scroll of acquirement
  2679 | D:3      | Acquired 599 gold pieces
  2699 | D:4      | Noticed Ijyb
  2699 | D:4      | Noticed an ogre
  2813 | D:4      | Found a hazy altar of Hepliaklqana.
  2825 | D:4      | Noticed Edmund
  2837 | D:4      | Killed Edmund
  2838 | D:4      | Reached XP level 6. HP: 15/42 MP: 9/9
  2972 | D:4      | Found a staircase to the Ecumenical Temple.
  2978 | Temple   | Entered the Ecumenical Temple
  2988 | Temple   | Became a worshipper of the Wu Jian Council
  3070 | D:4      | Killed Ijyb
  3790 | D:5      | Entered Level 5 of the Dungeon
  3848 | D:5      | Reached XP level 7. HP: 48/48 MP: 8/10
  3868 | D:5      | Reached skill level 5 in Unarmed Combat
  3993 | D:5      | Noticed a yak
  3993 | D:5      | Noticed a yak
  4007 | D:5      | Noticed a yak
  4025 | D:5      | Noticed a yak
  4027 | D:5      | Noticed a yak
  4032 | D:5      | Killed a yak
  4038 | D:5      | Killed a yak
  4039 | D:5      | Reached skill level 5 in Transmutations
  4042 | D:5      | Killed a yak
  4043 | D:5      | Reached skill level 5 in Fighting
  4043 | D:5      | Reached XP level 8. HP: 55/55 MP: 6/11
  4046 | D:5      | Killed a yak
  4048 | D:5      | Killed a yak
  4327 | D:5      | Found a large runed translucent door.
  4330 | D:5      | Found a large runed translucent door.
  4481 | D:5      | HP: 2/57 [centaur (6)]
  4482 | D:5      | Slain by a centaur

Illustrated notes

Levels and vault maps discovered:
D:1:      sevenhm_arrival_forest_fort_small_3, layout_loops_corners
D:2:      layout_loops_ring, minmay_puff
D:3:      layout_rooms, mainiacjoe_overflow_alcove_1,
          grunt_temple_overflow_open, dreamdust_wishing_well,
          kennysheep_decorative_pillar, uniq_jessica
D:4:      layout_basic, mainiacjoe_overflow_six_doors_small,
          minmay_temple_entry_enclosed_plants, uniq_edmund, uniq_ijyb
D:5:      layout_loops_corners, led_sif_book, jmf_multi_god_temple2
Temple:   jpeg_temple_clearing

Skill      XL: |  1  2  3  4  5  6  7  8 |
---------------+-------------------------+-----
Fighting       | 2 3 4 5 6 |  6.0
Transmutations | 3 4 5 6 |  6.1
Unarmed Combat | 4 5 6 |  6.5
Dodging        | |  2.0
Spellcasting   | |  2.0

Action                     |  1- 3 |  4- 6 |  7- 9 || total
---------------------------+-------+-------+-------++-------
  Melee: Unarmed           |    72 |    70 |    51 ||   193
         Kick              |    17 |    18 |     6 ||    41
         Constrict         |    21 |    23 |     5 ||    49
         Tentacles         |     8 |    10 |     9 ||    27
         Punch             |     2 |     2 |     3 ||     7
   Cast: Beastly Appendage |    21 |     8 |     6 ||    35
         Wereblood         |     2 |     4 |     1 ||     7
         Ice Form          |       |     1 |     1 ||     2
Ability: Lunge             |       |     5 |     5 ||    10
  Evoke: Wand              |       |     1 |       ||     1
    Use: Scroll            |       |     6 |       ||     6
         Potion            |       |       |     1 ||     1
   Stab: Sleeping          |     5 |     3 |     3 ||    11
         Invisible         |       |     1 |       ||     1
 Armour: Skin              |     2 |     3 |     7 ||    12
  Dodge: Dodged            |    38 |    27 |    19 ||    84
  Block: Other             |       |       |     7 ||     7
         Reflection        |       |       |     1 ||     1

Table legend: (Time is in decaauts)
 A = Elapsed time spent in this place.
 B = Non-inter-level travel time spent in this place.
 C = Inter-level travel time spent in this place.
 D = Time resting spent in this place.
 E = Time spent auto-exploring this place.
 F = Levels seen in this place.
 G = Mean time per level.
                   A        B        C        D        E       F      G
               +--------+--------+--------+--------+--------+-----+--------+
         Total |   4467 |   4225 |    242 |    135 |   3351 |   6 |  744.5 |
       Dungeon |   4447 |   4214 |    233 |    135 |   3348 |   5 |  889.4 |
        Temple |     20 |     11 |      9 |      0 |      3 |   1 |   20.0 |
               +--------+--------+--------+--------+--------+-----+--------+

Top non-repeatable levels by time:
     D:2: 1079 daAuts
     D:4: 974 daAuts
     D:1: 974 daAuts
     D:3: 732 daAuts
     D:5: 686 daAuts
  Temple: 20 daAuts
